Flames vs Penguins

Created - February 25, 2024 at 22:22

Goals
1 2 3 T
Flames 1 0 2 3
Penguins 0 0 1 1
Shots
1 2 3 T
Flames 7 12 16 35
Penguins 3 16 10 29

GoalsPenalties
1st period
1. Flames , Jordan Staal 10 (Jakub Vrana 7, Calvin de Haan 3) at 17:12
Jeff Petry (PIT) for Hooking (Minor) at 1:51
Erik Gudbranson (CGY) for Hooking (Minor) at 4:04
2nd period
No Goal
Kevin Fiala (PIT) for Tripping (Minor) at 6:47
Adam Larsson (CGY) for Tripping (Minor) at 17:56
3rd period
2. Flames , Sebastian Aho 27 (Jordan Kyrou 27, John Tavares 28) at 1:57 (PP)
3. Penguins , Nick Suzuki 19 (Kevin Fiala 22, Justin Faulk 20) at 15:05
4. Flames , Steven Stamkos 28 (Alex Ovechkin 32, Josh Morrissey 46) at 19:29 (Empty Net)
Jeff Petry (PIT) for Holding (Minor) at 0:11
Adam Larsson (CGY) for Hooking (Minor) at 9:44
Goalie Stats
Antti Raanta (CGY), 28 saves from 29 shots - (0.966), W, 13-5-3, 60:00 minutes
Thatcher Demko (PIT), 32 saves from 34 shots - (0.941), L, 16-12-4, 59:46 minutes
3 StarsOfficial
1 - Antti Raanta (CGY)
2 - Jordan Staal (CGY)
3 - Josh Morrissey (CGY)
Referees : Pierre Lambert and Tom Chmielewski
Linesman : Jonny Murray and David Brisebois
Game Note
Steven Stamkos has scored in a empty net!
Finance
Level 1 -- Attendance: 5765 (88.69%) -- Ticket Income $691,800
Level 2 -- Attendance: 4817 (96.34%) -- Ticket Income $409,445
Level 3 -- Attendance: 3109 (88.83%) -- Ticket Income $202,085
Level 4 -- Attendance: 2387 (100.00%) -- Ticket Income $107,415
Luxury Box -- Attendance: 916 (91.60%) -- Ticket Income $206,100
Game was played at the Consol Energy Center.
Total Attendance: 16994 (92.42%)
Total Ticket Income: $1,616,845
Other Income: $404,211
Total Income: $2,021,056



Team Name Goals Shots Shots Attemp Shots Blocked PIM HIT PP PK FO%
Flames 3356646191 / 3 (33%)060%
Penguins 12947116300 / 3 (0%)140%

Flames
Player Name POS G A P +/- PIM HIT SHT SB MP PP MP PP SHT PK MP PK SHT FO% FOT
Adam LarssonD0000431020:492:3401:0100% 0
Alex DeBrincatRW0000015120:042:5800:0000% 1
Alex OvechkinLW0111004022:052:4610:0000% 2
Calvin de HaanD0110001016:570:4703:0300% 0
Erik GudbransonD0000201014:240:0001:5700% 0
Esa LindellD0000001017:210:0000:0500% 0
Jakub VranaLW0111015016:030:0003:4500% 0
Jared SpurgeonD0001001224:003:1002:5400% 0
John TavaresC0110000017:271:4700:000100% 1
Jordan EberleRW0001002012:180:0000:0000% 0
Jordan KyrouC011-1003119:282:4600:00072% 18
Jordan StaalC1011024016:030:0003:45160% 30
Josh MorrisseyD0111061024:393:1002:5400% 0
Lawson CrouseLW000004006:132:5800:0000% 0
Pierre-Edouard BellemareLW000000002:120:0002:1200% 0
Sean KuralyC000000003:230:0002:120100% 1
Sebastian AhoC1010014018:262:4620:00055% 31
Steven StamkosC1010012022:082:5800:00067% 12
Penguins
Player Name POS G A P +/- PIM HIT SHT SB MP PP MP PP SHT PK MP PK SHT FO% FOT
Aliaksei ProtasC000-1000111:590:0000:00040% 15
Cole CaufieldRW0000011019:013:3800:000100% 1
Devon ToewsD000-1020124:172:5703:0400% 0
Henri JokiharjuD0000031013:470:0000:0000% 0
Jeff PetryD0000443220:223:0011:0800% 0
Josh AndersonRW0000026015:510:0000:0000% 0
Julien GauthierRW000000005:060:0000:0000% 0
Justin FaulkD011-1041224:172:5713:0400% 0
Kevin FialaLW0110213121:173:3802:1700% 2
Logan O'ConnorRW0000001011:452:1904:20044% 9
Mathew DumbaD0000032321:563:0012:4000% 0
Matt RoyD0000032015:190:0001:3200% 0
Nick SuzukiC1010032020:373:3801:36039% 28
Phil KesselRW000-1004014:182:1900:0000% 1
Rem PitlickC000001005:060:0000:00043% 7
Rudolfs BalcersLW000-1010013:500:0001:5100% 1
Ryan PoehlingC0000002115:510:0000:00050% 2
Seth JarvisC0000021019:342:1901:24040% 30



Play-by-Play

1st period


0:01 of 1st period - Sebastian Aho wins face-off versus Nick Suzuki in neutral zone.
0:52 of 1st period - Jared Spurgeon is hit by Cole Caufield and loses puck.
1:02 of 1st period - Jared Spurgeon is hit by Mathew Dumba.
1:27 of 1st period - Alex DeBrincat is hit by Jeff Petry and loses puck.
1:32 of 1st period - Shot by Steven Stamkos.
1:32 of 1st period - Shot Misses the Net.
1:51 of 1st period - Minor Penalty to Jeff Petry for Hooking.
1:52 of 1st period - Steven Stamkos wins face-off versus Logan O'Connor in Penguins zone.
2:03 of 1st period - Justin Faulk is hit by Lawson Crouse and loses puck.
2:24 of 1st period - Icing by Lawson Crouse.
2:25 of 1st period - Steven Stamkos wins face-off versus Seth Jarvis in Flames zone.
3:44 of 1st period - Justin Faulk is hit by Lawson Crouse and loses puck.
4:04 of 1st period - Minor Penalty to Erik Gudbranson for Hooking.
4:05 of 1st period - Nick Suzuki wins face-off versus Jordan Staal in Flames zone.
4:10 of 1st period - Shot by Jeff Petry.
4:10 of 1st period - Stopped by Antti Raanta without a rebound.
4:11 of 1st period - Nick Suzuki wins face-off versus Jordan Staal in Flames zone.
4:45 of 1st period - Off-side.
4:46 of 1st period - Sean Kuraly wins face-off versus Seth Jarvis in neutral zone.
5:02 of 1st period - Seth Jarvis is hit by Josh Morrissey.
7:16 of 1st period - Sebastian Aho is hit by Mathew Dumba and loses puck.
8:30 of 1st period - Shot by Jordan Staal.
8:30 of 1st period - Stopped by Thatcher Demko without a rebound.
8:31 of 1st period - Jordan Kyrou wins face-off versus Nick Suzuki in Penguins zone.
8:31 of 1st period - Jordan Kyrou is hit by Matt Roy.
8:35 of 1st period - Shot by Alex DeBrincat.
8:35 of 1st period - Stopped by Thatcher Demko with a rebound.
8:49 of 1st period - Shot by Nick Suzuki.
8:49 of 1st period - Shot Misses the Net.
8:51 of 1st period - Shot by Matt Roy.
8:51 of 1st period - The goal is going for a video replay.
8:51 of 1st period - The goal is refused.
8:52 of 1st period - Steven Stamkos wins face-off versus Seth Jarvis in Flames zone.
9:02 of 1st period - Josh Anderson is hit by Josh Morrissey.
9:29 of 1st period - Ryan Poehling is hit by Josh Morrissey and loses puck.
9:41 of 1st period - Icing by Josh Morrissey.
9:42 of 1st period - Steven Stamkos wins face-off versus Kevin Fiala in Flames zone.
9:48 of 1st period - Kevin Fiala is hit by Josh Morrissey and loses puck.
10:42 of 1st period - Icing by Esa Lindell.
10:43 of 1st period - Jordan Staal wins face-off versus Aliaksei Protas in Flames zone.
11:20 of 1st period - Icing by Henri Jokiharju.
11:21 of 1st period - Jordan Kyrou wins face-off versus Aliaksei Protas in Penguins zone.
11:44 of 1st period - Shot by Jordan Kyrou.
11:44 of 1st period - Shot Misses the Net.
12:54 of 1st period - Icing by Ryan Poehling.
12:55 of 1st period - Sebastian Aho wins face-off versus Ryan Poehling in Penguins zone.
13:40 of 1st period - Shot by Alex Ovechkin.
13:40 of 1st period - Shot Misses the Net.
14:03 of 1st period - Jordan Kyrou is hit by Justin Faulk and loses puck.
14:20 of 1st period - Shot by Jordan Kyrou.
14:20 of 1st period - Shot Misses the Net.
14:30 of 1st period - Shot by Steven Stamkos.
14:30 of 1st period - Stopped by Thatcher Demko without a rebound.
14:31 of 1st period - Jordan Staal wins face-off versus Aliaksei Protas in Penguins zone.
14:31 of 1st period - Adam Larsson is hit by Henri Jokiharju and loses puck.
14:44 of 1st period - Shot by Jakub Vrana.
14:44 of 1st period - Stopped by Thatcher Demko without a rebound.
14:45 of 1st period - John Tavares wins face-off versus Rem Pitlick in Penguins zone.
14:54 of 1st period - Shot by Sebastian Aho.
14:54 of 1st period - Shot Misses the Net.
15:12 of 1st period - Alex Ovechkin is hit by Matt Roy and loses puck.
15:18 of 1st period - Sebastian Aho is hit by Henri Jokiharju and loses puck.
16:10 of 1st period - Icing by Adam Larsson.
16:11 of 1st period - Jordan Kyrou wins face-off versus Nick Suzuki in Flames zone.
16:22 of 1st period - Shot by Alex DeBrincat.
16:22 of 1st period - Shot Blocked by Justin Faulk.
16:28 of 1st period - Shot by Jordan Kyrou.
16:28 of 1st period - Deflect By Alex DeBrincat.
16:28 of 1st period - Shot Misses the Net.
17:08 of 1st period - Shot by Jakub Vrana.
17:08 of 1st period - Shot Blocked by Devon Toews.
17:10 of 1st period - Shot by Jakub Vrana.
17:10 of 1st period - Shot Misses the Net.
17:12 of 1st period - Shot by Jordan Staal.
17:12 of 1st period - Goal by Jordan Staal - Flames : 1 - Penguins : 0.
17:13 of 1st period - Sebastian Aho wins face-off versus Phil Kessel in neutral zone.
17:41 of 1st period - Shot by Sebastian Aho.
17:41 of 1st period - Shot Blocked by Aliaksei Protas.
17:43 of 1st period - Shot by Josh Morrissey.
17:43 of 1st period - Stopped by Thatcher Demko without a rebound.
17:44 of 1st period - Jordan Kyrou wins face-off versus Seth Jarvis in Penguins zone.
18:56 of 1st period - Icing by Rudolfs Balcers.
18:57 of 1st period - Jordan Staal wins face-off versus Aliaksei Protas in Penguins zone.
18:57 of 1st period - Jordan Eberle is hit by Justin Faulk and loses puck.
19:06 of 1st period - Shot by Jordan Staal.
19:06 of 1st period - Deflect By Jordan Eberle.
19:06 of 1st period - Stopped by Thatcher Demko without a rebound.
19:07 of 1st period - Sebastian Aho wins face-off versus Nick Suzuki in Penguins zone.
19:07 of 1st period - Sebastian Aho is hit by Mathew Dumba.
19:29 of 1st period - Shot by Nick Suzuki.
19:29 of 1st period - Shot Misses the Net.
19:35 of 1st period - Shot by Kevin Fiala.
19:35 of 1st period - Shot Misses the Net.
19:37 of 1st period - Shot by Kevin Fiala.
19:37 of 1st period - Stopped by Antti Raanta without a rebound.
19:38 of 1st period - Aliaksei Protas wins face-off versus Jordan Staal in Flames zone.
Goals for this period are 1 for Flames vs 0 for Penguins.
Shots for this period are 7 for Flames vs 3 for Penguins.

2nd period


0:01 of 2nd period - Sebastian Aho wins face-off versus Kevin Fiala in neutral zone.
0:06 of 2nd period - Shot by Alex Ovechkin.
0:06 of 2nd period - Deflect By Sebastian Aho.
0:06 of 2nd period - Shot Blocked by Jeff Petry.
0:10 of 2nd period - Shot by Sebastian Aho.
0:10 of 2nd period - Deflect By Alex Ovechkin.
0:10 of 2nd period - Shot Blocked by Jeff Petry.
0:12 of 2nd period - Shot by Sebastian Aho.
0:12 of 2nd period - Deflect By Alex Ovechkin.
0:12 of 2nd period - Stopped by Thatcher Demko without a rebound.
0:13 of 2nd period - Seth Jarvis wins face-off versus Steven Stamkos in Penguins zone.
0:13 of 2nd period - Seth Jarvis is hit by Alex DeBrincat.
0:22 of 2nd period - Icing by Calvin de Haan.
0:23 of 2nd period - Nick Suzuki wins face-off versus Jordan Kyrou in Flames zone.
0:23 of 2nd period - Nick Suzuki is hit by Josh Morrissey.
0:51 of 2nd period - Off-side.
0:52 of 2nd period - Sebastian Aho wins face-off versus Seth Jarvis in neutral zone.
1:25 of 2nd period - Alex Ovechkin is hit by Josh Anderson and loses puck.
1:29 of 2nd period - Esa Lindell is hit by Jeff Petry and loses puck.
1:34 of 2nd period - Shot by Sebastian Aho.
1:34 of 2nd period - Stopped by Thatcher Demko without a rebound.
1:35 of 2nd period - Jordan Staal wins face-off versus Aliaksei Protas in Penguins zone.
1:44 of 2nd period - Shot by Jordan Eberle.
1:44 of 2nd period - Shot Blocked by Justin Faulk.
2:00 of 2nd period - Shot by Jakub Vrana.
2:00 of 2nd period - Stopped by Thatcher Demko with a rebound.
2:32 of 2nd period - Shot by Alex DeBrincat.
2:32 of 2nd period - Stopped by Thatcher Demko without a rebound.
2:33 of 2nd period - Nick Suzuki wins face-off versus Sebastian Aho in Penguins zone.
2:52 of 2nd period - Shot by Nick Suzuki.
2:52 of 2nd period - Stopped by Antti Raanta with a rebound.
3:06 of 2nd period - Shot by Kevin Fiala.
3:06 of 2nd period - Stopped by Antti Raanta without a rebound.
3:07 of 2nd period - Jordan Kyrou wins face-off versus Seth Jarvis in Flames zone.
3:50 of 2nd period - Shot by Jordan Kyrou.
3:50 of 2nd period - Shot Misses the Net.
4:19 of 2nd period - Icing by Devon Toews.
4:20 of 2nd period - Jordan Staal wins face-off versus Nick Suzuki in Penguins zone.
4:37 of 2nd period - Icing by Nick Suzuki.
4:38 of 2nd period - Nick Suzuki wins face-off versus Alex Ovechkin in Penguins zone.
4:38 of 2nd period - Nick Suzuki is hit by Sebastian Aho.
4:49 of 2nd period - Off-side.
4:50 of 2nd period - Rem Pitlick wins face-off versus Jordan Staal in neutral zone.
4:50 of 2nd period - Rem Pitlick is hit by Jordan Staal.
4:53 of 2nd period - Logan O'Connor is hit by Adam Larsson and loses puck.
5:00 of 2nd period - Shot by Henri Jokiharju.
5:00 of 2nd period - Stopped by Antti Raanta without a rebound.
5:01 of 2nd period - Sebastian Aho wins face-off versus Seth Jarvis in Flames zone.
5:16 of 2nd period - Shot by Sebastian Aho.
5:16 of 2nd period - Shot Misses the Net.
5:32 of 2nd period - Shot by Seth Jarvis.
5:32 of 2nd period - Stopped by Antti Raanta without a rebound.
5:33 of 2nd period - Aliaksei Protas wins face-off versus Jordan Kyrou in Flames zone.
5:40 of 2nd period - Shot by Phil Kessel.
5:40 of 2nd period - Stopped by Antti Raanta with a rebound.
5:42 of 2nd period - Shot by Matt Roy.
5:42 of 2nd period - Shot Misses the Net.
5:44 of 2nd period - Shot by Henri Jokiharju.
5:44 of 2nd period - Shot Misses the Net.
6:33 of 2nd period - Off-side.
6:34 of 2nd period - Sebastian Aho wins face-off versus Nick Suzuki in neutral zone.
6:34 of 2nd period - Sebastian Aho is hit by Nick Suzuki.
6:45 of 2nd period - Kevin Fiala is hit by Josh Morrissey and loses puck.
6:47 of 2nd period - Minor Penalty to Kevin Fiala for Tripping.
6:48 of 2nd period - Sebastian Aho wins face-off versus Logan O'Connor in Penguins zone.
7:03 of 2nd period - Shot by Sebastian Aho.
7:03 of 2nd period - Shot Blocked by Mathew Dumba.
7:15 of 2nd period - Shot by Alex Ovechkin.
7:15 of 2nd period - Stopped by Thatcher Demko without a rebound.
7:16 of 2nd period - Logan O'Connor wins face-off versus Steven Stamkos in Penguins zone.
7:16 of 2nd period - Logan O'Connor is hit by Lawson Crouse.
7:23 of 2nd period - Icing by Adam Larsson.
7:24 of 2nd period - Steven Stamkos wins face-off versus Logan O'Connor in Flames zone.
7:39 of 2nd period - Off-side.
7:40 of 2nd period - Sebastian Aho wins face-off versus Logan O'Connor in neutral zone.
8:04 of 2nd period - Shot by Sebastian Aho.
8:04 of 2nd period - Stopped by Thatcher Demko with a rebound.
8:06 of 2nd period - Shot by Sebastian Aho.
8:06 of 2nd period - Shot Blocked by Mathew Dumba.
8:08 of 2nd period - Shot by Alex Ovechkin.
8:08 of 2nd period - Shot Blocked by Mathew Dumba.
8:10 of 2nd period - Shot by Jared Spurgeon.
8:10 of 2nd period - Shot Misses the Net.
8:55 of 2nd period - Shot by Jordan Staal.
8:55 of 2nd period - Stopped by Thatcher Demko with a rebound.
9:05 of 2nd period - Shot by Cole Caufield.
9:05 of 2nd period - Stopped by Antti Raanta without a rebound.
9:06 of 2nd period - Steven Stamkos wins face-off versus Seth Jarvis in Flames zone.
9:16 of 2nd period - Shot by Seth Jarvis.
9:16 of 2nd period - Shot Misses the Net.
9:26 of 2nd period - Shot by Josh Anderson.
9:26 of 2nd period - Stopped by Antti Raanta with a rebound.
9:28 of 2nd period - Shot by Ryan Poehling.
9:28 of 2nd period - Stopped by Antti Raanta without a rebound.
9:29 of 2nd period - Jordan Staal wins face-off versus Nick Suzuki in Flames zone.
9:46 of 2nd period - Shot by Nick Suzuki.
9:46 of 2nd period - Shot Misses the Net.
9:48 of 2nd period - Shot by Matt Roy.
9:48 of 2nd period - Shot Blocked by Jared Spurgeon.
9:50 of 2nd period - Shot by Matt Roy.
9:50 of 2nd period - Deflect By Nick Suzuki.
9:50 of 2nd period - Shot Misses the Net.
9:52 of 2nd period - Shot by Matt Roy.
9:52 of 2nd period - Stopped by Antti Raanta without a rebound.
9:53 of 2nd period - Seth Jarvis wins face-off versus Jordan Kyrou in Flames zone.
10:07 of 2nd period - Seth Jarvis is hit by Adam Larsson and loses puck.
10:21 of 2nd period - Josh Anderson is hit by Adam Larsson and loses puck.
10:26 of 2nd period - Shot by Jeff Petry.
10:26 of 2nd period - Stopped by Antti Raanta without a rebound.
10:27 of 2nd period - Nick Suzuki wins face-off versus Sebastian Aho in Flames zone.
10:45 of 2nd period - Icing by Sebastian Aho.
10:46 of 2nd period - Logan O'Connor wins face-off versus Sebastian Aho in Flames zone.
10:51 of 2nd period - Shot by Rem Pitlick.
10:51 of 2nd period - Shot Misses the Net.
11:11 of 2nd period - Shot by Sebastian Aho.
11:11 of 2nd period - Shot Misses the Net.
11:13 of 2nd period - Shot by Erik Gudbranson.
11:13 of 2nd period - Shot Misses the Net.
11:49 of 2nd period - Shot by Alex DeBrincat.
11:49 of 2nd period - Stopped by Thatcher Demko without a rebound.
11:50 of 2nd period - Cole Caufield wins face-off versus Jordan Staal in Penguins zone.
12:04 of 2nd period - Icing by Adam Larsson.
12:05 of 2nd period - Ryan Poehling wins face-off versus Jordan Staal in Flames zone.
13:08 of 2nd period - Off-side.
13:09 of 2nd period - Jordan Kyrou wins face-off versus Nick Suzuki in neutral zone.
13:48 of 2nd period - Jordan Kyrou is hit by Justin Faulk and loses puck.
14:09 of 2nd period - Shot by Phil Kessel.
14:09 of 2nd period - Stopped by Antti Raanta without a rebound.
14:10 of 2nd period - Logan O'Connor wins face-off versus Sebastian Aho in Flames zone.
14:11 of 2nd period - Shot by Rem Pitlick.
14:11 of 2nd period - Shot Misses the Net.
14:13 of 2nd period - Shot by Logan O'Connor.
14:13 of 2nd period - Stopped by Antti Raanta without a rebound.
14:14 of 2nd period - Aliaksei Protas wins face-off versus Sebastian Aho in Flames zone.
14:15 of 2nd period - Shot by Phil Kessel.
14:15 of 2nd period - Stopped by Antti Raanta without a rebound.
14:16 of 2nd period - Aliaksei Protas wins face-off versus Sebastian Aho in Flames zone.
14:19 of 2nd period - Shot by Phil Kessel.
14:19 of 2nd period - Shot Blocked by Jared Spurgeon.
14:21 of 2nd period - Shot by Mathew Dumba.
14:21 of 2nd period - Stopped by Antti Raanta with a rebound.
14:23 of 2nd period - Shot by Jeff Petry.
14:23 of 2nd period - Stopped by Antti Raanta without a rebound.
14:24 of 2nd period - Aliaksei Protas wins face-off versus Alex Ovechkin in Flames zone.
14:38 of 2nd period - Jared Spurgeon is hit by Rudolfs Balcers and loses puck.
15:08 of 2nd period - Shot by Jared Spurgeon.
15:08 of 2nd period - Stopped by Thatcher Demko without a rebound.
15:09 of 2nd period - Jordan Kyrou wins face-off versus Nick Suzuki in Penguins zone.
15:18 of 2nd period - Adam Larsson is hit by Nick Suzuki and loses puck.
16:03 of 2nd period - Off-side.
16:04 of 2nd period - Sebastian Aho wins face-off versus Seth Jarvis in neutral zone.
16:04 of 2nd period - Sebastian Aho is hit by Seth Jarvis.
16:13 of 2nd period - Off-side.
16:14 of 2nd period - Jordan Staal wins face-off versus Aliaksei Protas in neutral zone.
17:18 of 2nd period - Shot by Adam Larsson.
17:18 of 2nd period - Stopped by Thatcher Demko without a rebound.
17:19 of 2nd period - Seth Jarvis wins face-off versus Alex DeBrincat in Penguins zone.
17:19 of 2nd period - Seth Jarvis is hit by Steven Stamkos.
17:31 of 2nd period - Shot by Jordan Kyrou.
17:31 of 2nd period - Deflect By Alex DeBrincat.
17:31 of 2nd period - Shot Hit the Post.
17:33 of 2nd period - Shot by Jordan Kyrou.
17:33 of 2nd period - Shot Misses the Net.
17:35 of 2nd period - Shot by Calvin de Haan.
17:35 of 2nd period - Stopped by Thatcher Demko with a rebound.
17:37 of 2nd period - Shot by Alex DeBrincat.
17:37 of 2nd period - Stopped by Thatcher Demko without a rebound.
17:38 of 2nd period - Sebastian Aho wins face-off versus Nick Suzuki in Penguins zone.
17:56 of 2nd period - Minor Penalty to Adam Larsson for Tripping.
17:57 of 2nd period - Jordan Staal wins face-off versus Seth Jarvis in Flames zone.
18:05 of 2nd period - Icing by Mathew Dumba.
18:06 of 2nd period - Seth Jarvis wins face-off versus Jordan Staal in Penguins zone.
18:13 of 2nd period - Shot by Mathew Dumba.
18:13 of 2nd period - Stopped by Antti Raanta without a rebound.
18:14 of 2nd period - Nick Suzuki wins face-off versus Jordan Staal in Flames zone.
18:40 of 2nd period - Icing by Cole Caufield.
18:41 of 2nd period - Jordan Staal wins face-off versus Nick Suzuki in Penguins zone.
Goals for this period are 0 for Flames vs 0 for Penguins.
Shots for this period are 12 for Flames vs 16 for Penguins.

3rd period


0:01 of 3rd period - Sebastian Aho wins face-off versus Seth Jarvis in neutral zone.
0:11 of 3rd period - Minor Penalty to Jeff Petry for Holding.
0:12 of 3rd period - Logan O'Connor wins face-off versus Steven Stamkos in Penguins zone.
0:47 of 3rd period - Icing by Lawson Crouse.
0:48 of 3rd period - Steven Stamkos wins face-off versus Logan O'Connor in Flames zone.
1:57 of 3rd period - Shot by Jordan Kyrou.
1:57 of 3rd period - Deflect By Sebastian Aho.
1:57 of 3rd period - Goal by Sebastian Aho - Flames : 2 - Penguins : 0.
1:58 of 3rd period - Jordan Staal wins face-off versus Rudolfs Balcers in neutral zone.
2:01 of 3rd period - Mathew Dumba is hit by Jakub Vrana and loses puck.
3:17 of 3rd period - Shot by Josh Anderson.
3:17 of 3rd period - Shot Misses the Net.
4:06 of 3rd period - Icing by Alex DeBrincat.
4:07 of 3rd period - Rem Pitlick wins face-off versus Jordan Kyrou in Flames zone.
4:22 of 3rd period - Alex DeBrincat is hit by Rem Pitlick and loses puck.
4:26 of 3rd period - Icing by Jared Spurgeon.
4:27 of 3rd period - Jordan Kyrou wins face-off versus Nick Suzuki in Flames zone.
4:45 of 3rd period - Icing by Cole Caufield.
4:46 of 3rd period - Sebastian Aho wins face-off versus Nick Suzuki in Penguins zone.
4:46 of 3rd period - Sebastian Aho is hit by Henri Jokiharju.
4:48 of 3rd period - Shot by Alex Ovechkin.
4:48 of 3rd period - Stopped by Thatcher Demko without a rebound.
4:49 of 3rd period - Sebastian Aho wins face-off versus Rem Pitlick in Penguins zone.
7:48 of 3rd period - Phil Kessel is hit by Lawson Crouse and loses puck.
7:59 of 3rd period - Shot by Phil Kessel.
7:59 of 3rd period - Stopped by Antti Raanta without a rebound.
8:00 of 3rd period - Jordan Staal wins face-off versus Rem Pitlick in Flames zone.
8:09 of 3rd period - Shot by Jordan Eberle.
8:09 of 3rd period - Deflect By Jakub Vrana.
8:09 of 3rd period - Stopped by Thatcher Demko with a rebound.
8:11 of 3rd period - Shot by Jakub Vrana.
8:11 of 3rd period - Stopped by Thatcher Demko without a rebound.
8:12 of 3rd period - Jordan Kyrou wins face-off versus Seth Jarvis in Penguins zone.
8:23 of 3rd period - Shot by Alex DeBrincat.
8:23 of 3rd period - Shot Blocked by Ryan Poehling.
8:31 of 3rd period - Shot by Jordan Kyrou.
8:31 of 3rd period - Shot Misses the Net.
8:33 of 3rd period - Shot by Esa Lindell.
8:33 of 3rd period - Stopped by Thatcher Demko without a rebound.
8:34 of 3rd period - Jordan Staal wins face-off versus Nick Suzuki in Penguins zone.
8:34 of 3rd period - Jordan Staal is hit by Devon Toews.
8:46 of 3rd period - Shot by Jordan Eberle.
8:46 of 3rd period - Stopped by Thatcher Demko without a rebound.
8:47 of 3rd period - Seth Jarvis wins face-off versus Steven Stamkos in Penguins zone.
9:04 of 3rd period - Shot by Jordan Kyrou.
9:04 of 3rd period - Stopped by Thatcher Demko without a rebound.
9:05 of 3rd period - Nick Suzuki wins face-off versus Jordan Staal in Penguins zone.
9:31 of 3rd period - Off-side.
9:32 of 3rd period - Seth Jarvis wins face-off versus Sebastian Aho in neutral zone.
9:35 of 3rd period - Shot by Jeff Petry.
9:35 of 3rd period - Shot Hit the Post.
9:44 of 3rd period - Minor Penalty to Adam Larsson for Hooking.
9:45 of 3rd period - Jordan Staal wins face-off versus Nick Suzuki in Flames zone.
9:45 of 3rd period - Jordan Staal is hit by Kevin Fiala.
9:57 of 3rd period - Shot by Jordan Staal.
9:57 of 3rd period - Stopped by Thatcher Demko without a rebound.
9:58 of 3rd period - Jordan Staal wins face-off versus Seth Jarvis in Penguins zone.
10:35 of 3rd period - Shot by Justin Faulk.
10:35 of 3rd period - Stopped by Antti Raanta without a rebound.
10:36 of 3rd period - Jordan Staal wins face-off versus Nick Suzuki in Flames zone.
10:36 of 3rd period - Jakub Vrana is hit by Nick Suzuki and loses puck.
10:54 of 3rd period - Icing by Cole Caufield.
10:55 of 3rd period - Nick Suzuki wins face-off versus Jordan Staal in Penguins zone.
11:59 of 3rd period - Shot by Josh Anderson.
11:59 of 3rd period - Stopped by Antti Raanta without a rebound.
12:00 of 3rd period - Jordan Kyrou wins face-off versus Aliaksei Protas in Flames zone.
12:17 of 3rd period - Shot by Jordan Kyrou.
12:17 of 3rd period - Stopped by Thatcher Demko without a rebound.
12:18 of 3rd period - Seth Jarvis wins face-off versus Sebastian Aho in Penguins zone.
12:33 of 3rd period - Shot by Sebastian Aho.
12:33 of 3rd period - Shot Misses the Net.
12:38 of 3rd period - Icing by Justin Faulk.
12:39 of 3rd period - Jordan Kyrou wins face-off versus Seth Jarvis in Penguins zone.
12:39 of 3rd period - Jordan Kyrou is hit by Justin Faulk.
12:52 of 3rd period - Icing by Josh Morrissey.
12:53 of 3rd period - Jordan Kyrou wins face-off versus Nick Suzuki in Flames zone.
13:04 of 3rd period - Shot by Alex DeBrincat.
13:04 of 3rd period - Shot Misses the Net.
13:06 of 3rd period - Shot by Jordan Kyrou.
13:06 of 3rd period - Shot Blocked by Kevin Fiala.
13:37 of 3rd period - Shot by Kevin Fiala.
13:37 of 3rd period - Stopped by Antti Raanta without a rebound.
13:38 of 3rd period - Seth Jarvis wins face-off versus Sebastian Aho in Flames zone.
13:47 of 3rd period - Shot by Josh Anderson.
13:47 of 3rd period - Stopped by Antti Raanta without a rebound.
13:48 of 3rd period - Aliaksei Protas wins face-off versus Sebastian Aho in Flames zone.
14:19 of 3rd period - Shot by Sebastian Aho.
14:19 of 3rd period - Shot Misses the Net.
14:33 of 3rd period - Shot by Sebastian Aho.
14:33 of 3rd period - Stopped by Thatcher Demko without a rebound.
14:34 of 3rd period - Nick Suzuki wins face-off versus Jordan Kyrou in Penguins zone.
14:45 of 3rd period - Shot by Cole Caufield.
14:45 of 3rd period - Deflect By Kevin Fiala.
14:45 of 3rd period - Shot Blocked by Alex DeBrincat.
14:59 of 3rd period - Shot by Nick Suzuki.
14:59 of 3rd period - Shot Misses the Net.
15:01 of 3rd period - Shot by Justin Faulk.
15:01 of 3rd period - Deflect By Kevin Fiala.
15:01 of 3rd period - Shot Misses the Net.
15:05 of 3rd period - Shot by Nick Suzuki.
15:05 of 3rd period - Goal by Nick Suzuki - Flames : 2 - Penguins : 1.
15:06 of 3rd period - Jordan Staal wins face-off versus Seth Jarvis in neutral zone.
15:08 of 3rd period - Jakub Vrana is hit by Jeff Petry and loses puck.
15:21 of 3rd period - Jakub Vrana is hit by Seth Jarvis and loses puck.
15:25 of 3rd period - Jared Spurgeon is hit by Josh Anderson and loses puck.
15:29 of 3rd period - Josh Morrissey is hit by Jeff Petry and loses puck.
15:48 of 3rd period - Shot by Josh Anderson.
15:48 of 3rd period - Stopped by Antti Raanta without a rebound.
15:49 of 3rd period - Nick Suzuki wins face-off versus Sebastian Aho in Flames zone.
16:28 of 3rd period - Shot by Sebastian Aho.
16:28 of 3rd period - Shot Misses the Net.
16:33 of 3rd period - Alex Ovechkin is hit by Devon Toews and loses puck.
17:18 of 3rd period - Shot by Phil Kessel.
17:18 of 3rd period - Shot Blocked by Jordan Kyrou.
17:43 of 3rd period - Off-side.
17:44 of 3rd period - Jordan Staal wins face-off versus Seth Jarvis in neutral zone.
17:47 of 3rd period - Josh Anderson is hit by Jordan Staal and loses puck.
17:58 of 3rd period - Shot by Jakub Vrana.
17:58 of 3rd period - Stopped by Thatcher Demko without a rebound.
17:59 of 3rd period - Rem Pitlick wins face-off versus Sebastian Aho in Penguins zone.
18:01 of 3rd period - Icing by Logan O'Connor.
18:02 of 3rd period - Sebastian Aho wins face-off versus Rem Pitlick in Penguins zone.
18:34 of 3rd period - Shot by Alex Ovechkin.
18:34 of 3rd period - Stopped by Thatcher Demko without a rebound.
18:35 of 3rd period - Jordan Kyrou wins face-off versus Seth Jarvis in Penguins zone.
18:38 of 3rd period - Shot by Alex DeBrincat.
18:38 of 3rd period - Stopped by Thatcher Demko with a rebound.
18:47 of 3rd period - Steven Stamkos is hit by Matt Roy and loses puck.
18:52 of 3rd period - Shot by Jordan Kyrou.
18:52 of 3rd period - Stopped by Thatcher Demko with a rebound.
18:54 of 3rd period - Shot by Erik Gudbranson.
18:54 of 3rd period - Stopped by Thatcher Demko without a rebound.
18:55 of 3rd period - Jordan Staal wins face-off versus Aliaksei Protas in Penguins zone.
19:05 of 3rd period - Icing by Justin Faulk.
19:06 of 3rd period - Steven Stamkos wins face-off versus Aliaksei Protas in Penguins zone.
19:09 of 3rd period - Shot by Alex Ovechkin.
19:09 of 3rd period - Shot Misses the Net.
19:15 of 3rd period - Penguins, Thatcher Demko is pulled from the net.
19:29 of 3rd period - Shot by Steven Stamkos.
19:29 of 3rd period - Goal by Steven Stamkos - Flames : 3 - Penguins : 1.
19:29 of 3rd period - Thatcher Demko from Penguins was sent back in the game.
19:30 of 3rd period - Seth Jarvis wins face-off versus Jordan Staal in neutral zone.
19:35 of 3rd period - Shot by Josh Anderson.
19:35 of 3rd period - Stopped by Antti Raanta without a rebound.
19:36 of 3rd period - Seth Jarvis wins face-off versus Jordan Staal in Flames zone.
19:37 of 3rd period - Shot by Josh Anderson.
19:37 of 3rd period - Stopped by Antti Raanta without a rebound.
19:38 of 3rd period - Seth Jarvis wins face-off versus Sebastian Aho in Flames zone.
19:39 of 3rd period - Shot by Ryan Poehling.
19:39 of 3rd period - Stopped by Antti Raanta without a rebound.
19:40 of 3rd period - Sebastian Aho wins face-off versus Seth Jarvis in Flames zone.
19:44 of 3rd period - Off-side.
19:45 of 3rd period - Seth Jarvis wins face-off versus Sebastian Aho in neutral zone.
Goals for this period are 2 for Flames vs 1 for Penguins.
Shots for this period are 16 for Flames vs 10 for Penguins.